 Dungeon Crawl Stone Soup version 0.30.0-20-g3615ddf2f0 (webtiles) character file.

Game seed: 2876661327796842433

613 qw the Chopper (level 7, 0/44 HPs)
             Began as a Gargoyle Fighter on June 1, 2023.
             Was an Initiate of Okawaru.
             Slain by an ogre
             ... wielding a +0 giant spiked club
              (9 damage)
             ... on level 4 of the Dungeon.
             The game lasted 00:01:37 (3547 turns).

qw the Chopper (Gargoyle Fighter)                   Turns: 3547, Time: 00:01:38

Health: 0/44       AC: 13    Str: 21    XL:     7   Next: 44%
Magic:  8/8        EV: 10    Int:  9    God:    Okawaru [......]
Gold:   340        SH:  4    Dex:  9    Spells: 6/6 levels left

rFire   + . .        Y - +2 war axe
rCold   . . .        c - +0 buckler
rNeg    + . .        j - +1 ring mail {rF+}
rPois   inf          n - +0 helmet
rElec   +            (no cloak)
rCorr   .            i - +0 pair of gloves
SInv    .            (no boots)
Will    .....        (no amulet) Stlth
                     (no ring)
HPRegen 0.27/turn    (no ring)
MPRegen 0.11/turn

%: no passive effects
@: about to teleport
A: sickness immunity, AC +4, negative energy resistance 1, electricity
resistance, torment resistance 1, petrification resistance
a: Renounce Religion


You were on level 4 of the Dungeon.
You worshipped Okawaru.
Okawaru was noncommittal.
You visited 1 branch of the dungeon, and saw 5 of its levels.

You collected 340 gold pieces.


Innate Abilities, Weirdness & Mutations

You are immune to sickness and miasma.
Your stone body is resilient. (AC +4)
You are immune to poison.
You resist negative energy. (rN+)
You are resistant to electric shocks. (rElec)
You are resistant to unholy torment.
You are immune to petrification.


   Skills:
 - Level 4.3 Fighting
 + Level 6.2 Axes
 - Level 1.1 Throwing
 - Level 3.2 Armour
 - Level 1.2 Dodging
 - Level 3.2 Shields
 - Level 1.9 Invocations


You had 6 spell levels left.
You didn't know any spells.
Your spell library was empty.

Inventory:

Hand Weapons
 h - a +0 flail
 Y - a +2 war axe (weapon)
Missiles
 m - a javelin (quivered)
Armour
 b - a +0 scale mail
 c - a +0 buckler (worn)
 i - a +0 pair of gloves (worn)
 j - a +1 ring mail of fire resistance (worn)
 n - a +0 helmet (worn)
Scrolls
 f - 4 scrolls of identify
Potions
 d - 2 potions of might
 e - a potion of cancellation
 g - a potion of lignification
 l - a potion of attraction

Dungeon Overview and Level Annotations

Branches:
Dungeon (5/15)             Temple (0/1) D:4

Altars:
Cheibriados
Okawaru
Ru
Wu Jian

Shops:
D:1 (


Message History

Enter note:
Enter note: A goblin comes into view. It is wielding a +2 heavy hand axe.
Enter note:
Enter note:
Enter note:
Enter note:
3539 ||| Stepping ~*~*~tactically~*~*~ (stealth).
Enter note:
Enter note:
Enter note:
Enter note: You throw a javelin.
The javelin closely misses the goblin.
The goblin shouts!
An ogre comes into view. It is wielding a +0 giant spiked club.
You barely miss the goblin. The goblin misses you.
You barely miss the goblin.
The goblin hits you with a +2 heavy hand axe!
You closely miss the goblin.
The goblin hits you with a +2 heavy hand axe.
The ogre barely misses you.
You slash the ogre!
The ogre is moderately wounded.
You hit the goblin. You barely miss the goblin.
The goblin is heavily wounded.
You barely miss the ogre.
The ogre hits you with a +0 giant spiked club!!
Ouch! That really hurt!
The goblin hits you but does no damage.
3546 ||| READING scroll of teleportation.
As you read the scroll of teleportation, it crumbles to dust.
You feel strangely unstable. The ogre closely misses you.
The goblin hits you but does no damage.
You hit the goblin.
The goblin is severely wounded.
You barely miss the ogre.
The ogre hits you with a +0 giant spiked club!
You die...

......# ......# ..# ......# #.#
##.#### ## #.# .#.# . #.# #..###
#. #.# .###.## #.##.##.# #######
.##.#.## ......O.###### #.....#
##.#.#.## #g@.....####.###.#
#.#.#.#.## #.#####...##.###.#
(#.###.#.## #.#####....%...#.#
#.##.##.#.## #.##......##.#.#.#
.##.#.##.#.####.##.##.####.#.#.#
##.#.#.##.#.##).......# #.....#
#.#.#.#.##.#.##....#### ###.###
.#..##.#.##.#.###### #.#
#.#..##.#.##.#.## #.#


You could see an ogre and a goblin.

Vanquished Creatures
  A black bear (D:4)
  2 scorpions (D:4)
  A howler monkey (D:4)
  3 hounds (D:4)
  A jelly (D:4)
  An orc wizard (D:3)
  Robin (D:4)
  8 gnolls
  5 adders
  3 worms
  2 dart slugs
  5 orcs
  5 endoplasms
  3 giant cockroaches (D:3)
  6 goblins
  10 hobgoblins
  2 quokkas (D:2)
  6 ball pythons
  8 bats
  3 frilled lizards
  5 kobolds
  3 rats
84 creatures vanquished.

Notes
Turn   | Place    | Note
-------+----------+-------------------------------------------
     0 | D:1      | qw the Gargoyle Fighter began the quest for the Orb.
     0 | D:1      | Reached XP level 1. HP: 14/14 MP: 1/1
     0 | D:1      | 0 ||| qw: Version: 0.2-a-102-gfc559e5
     0 | D:1      | 0 ||| qw: Game counter: 650
     0 | D:1      | 0 ||| qw: Always use a shield: true
     0 | D:1      | 0 ||| qw: God list: Okawaru
     0 | D:1      | 0 ||| qw: Allow faded altars: false
     0 | D:1      | 0 ||| qw: Do Orc after D:15 true
     0 | D:1      | 0 ||| qw: Do second Lair branch before Depths: true
     0 | D:1      | 0 ||| qw: Lair rune preference: random
     0 | D:1      | 0 ||| qw: Plans: Normal, Zot:1-4, Slime:5, God:TSO, Crypt,
                  | Tomb, Pan, Hells, Abyss, Win
     0 | D:1      | 0 ||| PLANNING D:1-11
   146 | D:1      | Reached skill level 2 in Axes
   196 | D:1      | Found Kirubafa's Antique Weapon Boutique.
   201 | D:1      | 201 ||| SHOPLISTING club (22 gold, have 9).
   201 | D:1      | 201 ||| SHOPLISTING whip (55 gold, have 9).
   261 | D:1      | Reached XP level 2. HP: 17/19 MP: 2/2
   512 | D:1      | 512 ||| READING 2 scrolls labelled SAR QOUPIUK.
   513 | D:1      | 513 ||| READING scroll labelled BEINLI ZUCYSK.
   514 | D:1      | 514 ||| READING scroll labelled BOCWUU ZOMISS.
   515 | D:1      | 515 ||| READING scroll labelled UTSOEDIROS.
   528 | D:1      | 528 ||| READING scroll labelled XUNAOCK UVEANA.
   529 | D:1      | 529 ||| DRINKING 2 dark potions.
   530 | D:1      | 530 ||| DROPPING scroll of noise.
   543 | D:2      | Found a faded altar of an unknown god.
   848 | D:2      | Identified the +8 dagger "Qotuxist" {venom, Contam Will++}
   988 | D:2      | Reached skill level 3 in Axes
   988 | D:2      | Reached XP level 3. HP: 23/23 MP: 3/3
  1351 | D:2      | 1351 ||| UPGRADING to +1 ring mail of fire resistance.
  1361 | D:2      | 1361 ||| DROPPING ring of wizardry.
  1362 | D:2      | 1362 ||| READING scroll labelled ESYEWEHY OSEHO.
  1365 | D:2      | 1365 ||| READING 3 scrolls of identify.
  1365 | D:2      | 1365 ||| IDENTIFYING viscous green potion
  1366 | D:2      | 1366 ||| READING 2 scrolls of identify.
  1366 | D:2      | 1366 ||| IDENTIFYING sapphire potion
  1367 | D:2      | 1367 ||| DROPPING potion of ambrosia.
  1555 | D:3      | Found a sacrificial altar of Ru.
  1584 | D:3      | 1584 ||| READING scroll of enchant weapon.
  1584 | D:3      | 1584 ||| ENCHANTING +1 war axe.
  1586 | D:3      | Found an iron altar of Okawaru.
  1587 | D:3      | 1587 ||| PLANNING OKAWARU WORSHIP
  1587 | D:3      | 1587 ||| DROPPING amulet of magic regeneration.
  1588 | D:3      | 1588 ||| READING 2 scrolls of identify.
  1588 | D:3      | 1588 ||| IDENTIFYING sedimented golden potion
  1589 | D:3      | 1589 ||| DROPPING potion of degeneration.
  1599 | D:3      | Became a worshipper of Warmaster Okawaru
  1599 | D:3      | 1599 ||| PLANNING D:1-11
  1685 | D:3      | 1685 ||| Stepping ~*~*~tactically~*~*~ (stealth).
  1687 | D:3      | 1687 ||| Stepping ~*~*~tactically~*~*~ (stealth).
  1693 | D:3      | Reached skill level 1 in Throwing
  1693 | D:3      | Reached XP level 4. HP: 18/28 MP: 4/4
  1696 | D:3      | HP: 6/28 [something/magic dart (8)]
  1697 | D:3      | 1697 ||| READING scroll of teleportation.
  1840 | D:3      | Reached skill level 4 in Axes
  1843 | D:3      | Reached XP level 5. HP: 15/32 MP: 5/5
  1911 | D:3      | 1911 ||| DROPPING +0 club.
  1981 | D:3      | 1981 ||| Stepping ~*~*~tactically~*~*~ (stealth).
  2232 | D:3      | You fall into a shaft and drop 2 floors!
  2232 | D:5      | Entered Level 5 of the Dungeon
  2233 | D:5      | 2233 ||| UPGRADING to +0 pair of gloves.
  2238 | D:5      | 2238 ||| READING scroll labelled FYUJIO UTYOF.
  2339 | D:5      | 2339 ||| READING scroll labelled TOEHOQ ED CATS.
  2340 | D:5      | 2340 ||| READING 3 scrolls of identify.
  2340 | D:5      | 2340 ||| IDENTIFYING fizzy yellow potion
  2345 | D:5      | 2345 ||| STAIRDANCE
  2366 | D:4      | Found an ornate altar of the Wu Jian Council.
  2494 | D:4      | Reached * piety under Okawaru
  2495 | D:4      | Reached skill level 5 in Axes
  2495 | D:4      | Reached XP level 6. HP: 29/37 MP: 6/6
  2524 | D:4      | Found a staircase to the Ecumenical Temple.
  2542 | D:4      | 2542 ||| Stepping ~*~*~tactically~*~*~ (hiding).
  2547 | D:4      | 2547 ||| INVOKING Heroism.
  2557 | D:4      | 2557 ||| INVOKING Heroism.
  2563 | D:4      | Reached skill level 1 in Dodging
  2568 | D:4      | Reached skill level 1 in Invocations
  2660 | D:4      | Noticed a black bear
  2661 | D:4      | 2661 ||| INVOKING Heroism.
  2668 | D:4      | Killed a black bear
  2670 | D:4      | 2670 ||| Stepping ~*~*~tactically~*~*~ (stealth).
  2730 | D:4      | 2730 ||| Stepping ~*~*~tactically~*~*~ (stealth).
  2731 | D:4      | 2731 ||| INVOKING Heroism.
  2742 | D:4      | 2742 ||| Stepping ~*~*~tactically~*~*~ (stealth).
  2752 | D:4      | Reached XP level 7. HP: 44/44 MP: 7/7
  2773 | D:4      | 2773 ||| INVOKING Heroism.
  2806 | D:4      | Reached skill level 6 in Axes
  2874 | D:4      | Noticed Robin
  2875 | D:4      | 2875 ||| INVOKING Heroism.
  2888 | D:4      | Killed Robin
  2954 | D:4      | 2954 ||| UPGRADING to +0 helmet.
  2959 | D:4      | 2959 ||| READING scroll labelled MOUNAFUMMU.
  3225 | D:3      | Found a snail-covered altar of Cheibriados.
  3509 | D:4      | 3509 ||| Stepping ~*~*~tactically~*~*~ (stealth).
  3539 | D:4      | 3539 ||| Stepping ~*~*~tactically~*~*~ (stealth).
  3545 | D:4      | HP: 9/44 [ogre/+0 giant spiked club (25)]
  3546 | D:4      | 3546 ||| READING scroll of teleportation.
  3547 | D:4      | Slain by an ogre

Levels and vault maps discovered:
D:1:      spicycebolla_green_bress_n_ham, layout_basic, serial_shops,
          nicolae_shop_dealshenge, nicolae_kite_square_tiling_tiny
D:2:      layout_basic, nicolae_ecumenical_oubliette,
          nicolae_concentric_dashed_squares_mild
D:3:      layout_basic, nicolae_ru_awakened_eye, lemuel_coloured_pillars_altar,
          mainiacjoe_overflow_tiny_flanked, dk_noncrumbling_4,
          roderic_filled_cross, dk_noncrumbling_2, chequers_garden
D:4:      minmay_inner_zag, layout_loops_cross, amcnicky_altar_gilded,
          minmay_temple_entry_antechambers, uniq_robin
D:5:      layout_cave_pools

Skill      XL: |  1  2  3  4  5  6  7 |
---------------+----------------------+-----
Axes           | 2 3 4 5 6 |  6.2
Throwing       | 1 |  1.1
Dodging        | 1 |  1.2
Invocations    | 1 |  1.9
Fighting       | 4 |  4.3
Armour         | |  3.2
Shields        | |  3.2

Action                     |  1- 3 |  4- 6 |  7- 9 || total
---------------------------+-------+-------+-------++-------
  Melee: War axe           |   115 |    71 |    57 ||   243
  Throw: Boomerang         |     2 |       |       ||     2
         Javelin           |     2 |    12 |    11 ||    25
 Invoke: Heroism           |       |     4 |     2 ||     6
    Use: Scroll            |    10 |     4 |     2 ||    16
         Potion            |     1 |       |       ||     1
   Stab: Distracted        |       |     1 |       ||     1
 Armour: Scale mail        |    32 |       |       ||    32
         Ring mail         |    22 |    43 |    33 ||    98
  Dodge: Dodged            |    57 |    33 |    13 ||   103
  Block: Buckler           |    20 |    23 |    11 ||    54

Table legend:
 A = Non-vault XP
 B = Vault XP
 C = Vault XP percentage of total XP
 D = Non-vault monster count
 E = Vault monster count
 F = Vault count percentage of total count
                 A         B        C        D         E       F
            +---------+---------+-------+---------+---------+-------
      Total |     650 |     226 |  25.8 |      69 |      15 |  17.9
            +---------+---------+-------+---------+---------+-------
        D:1 |      12 |       0 |   0.0 |       7 |       0 |   0.0
        D:2 |      36 |       0 |   0.0 |      16 |       0 |   0.0
        D:3 |     122 |       0 |   0.0 |      23 |       0 |   0.0
        D:4 |     480 |     226 |  32.0 |      23 |      15 |  39.5
            +---------+---------+-------+---------+---------+-------
